 Dungeon Crawl Stone Soup version 0.30.1-11-g7821555f0a (webtiles) character file.

Game seed: 10055377738305526934

2688 DemonSlayer the Thaumaturge (level 9, -4/61 HPs)
             Began as a Demonspawn Earth Elementalist on Nov 15, 2023.
             Slain by an orc warrior
             ... wielding a +0 broad axe
              (14 damage)
             ... on level 7 of the Dungeon.
             The game lasted 00:12:05 (6626 turns).

DemonSlayer the Thaumaturge (DsEE)                  Turns: 6626, Time: 00:12:06

Health: -4/61      AC: 10    Str:  9    XL:     9   Next: 38%
Magic:  5/30       EV: 12    Int: 17    God:
Gold:   121        SH:  8    Dex: 17    Spells: 14/24 levels left

rFire   . . .        g - +3 short sword
rCold   . . .        s - +0 buckler
rNeg    + . .        x - +0 troll leather armour {Pargi}
rPois   +            p - +0 helmet
rElec   +            n - +0 cloak {rPois}
rCorr   .            (gloves unavailable)
SInv    .            (no boots)
Will    ++...        y - amulet of regeneration
Stlth   ++           C - ring of positive energy
HPRegen 1.90/turn    E - ring of the Priest {Will++ MP+9}
MPRegen 0.22/turn

%: no passive effects
@: on berserk cooldown, very slightly contaminated, slowed, very slow
A: claws 3, thin metallic scales 3, condensation shield
a: no special abilities


You were on level 7 of the Dungeon.
You visited 1 branch of the dungeon, and saw 7 of its levels.

You collected 358 gold pieces.
You spent 237 gold pieces at shops.

Inventory:

Hand Weapons
 g - a +3 short sword (weapon)
Missiles
 e - 4 curare-tipped darts
Armour
 n - a +0 cloak of poison resistance (worn)
 p - a +0 helmet (worn)
 s - a +0 buckler (worn)
 x - a +0 troll leather armour (worn) {Pargi}
Jewellery
 j - a ring of protection from cold
 y - an amulet of regeneration (around neck)
 B - a +6 ring of strength
 C - a ring of positive energy (left claw)
 E - the ring of the Priest (right claw) {Will++ MP+9}
   (You bought it in a shop on level 6 of the Dungeon)

   [ring of magical power]

   MP:        It affects your magic capacity (+9).
   Will:      It greatly increases your willpower.
Wands
 h - a wand of flame (35)
 m - a wand of roots (1)
 r - a wand of polymorph (4)
Scrolls
 a - a scroll of brand weapon {unknown}
 f - 2 scrolls of enchant armour {unknown}
 k - a scroll of immolation {unknown}
 o - a scroll of summoning {unknown}
 u - a scroll of teleportation {unknown}
 w - 2 scrolls of fog {unknown}
 A - a scroll of noise {unknown}
 D - a scroll of vulnerability {unknown}
Potions
 b - a potion of magic
 c - 2 potions of ambrosia
 d - 4 potions of curing
 i - a potion of lignification
 l - a potion of mutation
 t - 3 potions of might
 v - a potion of attraction {unknown}
 z - 2 potions of heal wounds {unknown}


   Skills:
 + Level 2.0 Fighting
 + Level 0.4 Short Blades
 + Level 1.1 Throwing
 + Level 2.5 Armour
 + Level 3.3 Dodging
 + Level 3.1 Stealth
 + Level 1.6 Shields
 + Level 8.1 Spellcasting
 + Level 0.8 Conjurations
 + Level 0.8 Transmutations
 + Level 7.0 Earth Magic
 + Level 0.1 Evocations


You had 14 spell levels left.
You knew the following spells:

 Your Spells              Type           Power      Damage    Failure   Level
a - Sandblast             Erth           60%        2d14      1%          1
b - Stone Arrow           Conj/Erth      40%        3d9       13%         3
c - Petrify               Tmut/Erth      20%        N/A       41%         4
d - Passwall              Tmut/Erth      16%        N/A       7%          2

Your spell library contained the following spells:

 Spells                   Type           Power      Damage    Failure   Level
 Beastly Appendage        Tmut           18%        N/A       16%         1
 Magic Dart               Conj           36%        1d4       16%         1
 Searing Ray              Conj           18%        2d5       24%         2
 Wereblood                Tmut           9%         N/A       24%         2
 Sublimation of Blood     Necr           6%         N/A       32%         2
 Lee's Rapid Deconstruct  Erth           15%        3d10*     34%         5
 Spider Form              Tmut/Pois      8%         N/A       50%         3
 Frozen Ramparts          Ice            12%        1d2       54%         3
 Volatile Blastmotes      Fire/Tloc      12%        2d11      54%         3
 Fulminant Prism          Conj/Hex       4%         3d5       88%         4
 Ice Form                 Ice/Tmut       8%         N/A       88%         4
 Iskenderun's Mystic Bla  Conj/Tloc      8%         2d4       88%         4
 Summon Ice Beast         Ice/Summ       6%         N/A       91%         4
 Irradiate                Conj/Tmut      4%         3d13      99%         5


Dungeon Overview and Level Annotations

Branches:
Dungeon (7/15)             Temple (0/1) D:5

Altars:
Hepliaklqana
Vehumet

Shops:
D:2 (   D:4 (   D:6 *


Innate Abilities, Weirdness & Mutations

You have claws for hands.
You are completely covered in thin metallic scales. (AC +4, rElec)
A meltable shield of frost defends you. (SH +4)


Message History

The orc warrior is severely wounded.
You are no longer berserk.
You are exhausted.
You feel yourself slow down.
You hit the orc warrior.
The orc warrior is almost dead.
The orc warrior closely misses you. The orc warrior misses you.
You barely miss the orc warrior.
The orc warrior is almost dead.
The orc warrior hits you with a +0 broad axe!
* * * LOW HITPOINT WARNING * * *
You block the orc warrior's attack.
You hit the orc warrior but do no damage.
The orc warrior is almost dead.
Your icy envelope is restored.
The orc warrior closely misses you.
You barely miss the orc warrior.
The orc warrior is almost dead.
The orc warrior hits you with a +0 broad axe!
* * * LOW HITPOINT WARNING * * *
You block the orc warrior's attack.
You hit the orc warrior.
The orc warrior is almost dead.
The orc warrior hits you with a +0 broad axe!
* * * LOW HITPOINT WARNING * * *
You hit the orc warrior but do no damage.
The orc warrior is almost dead.
The orc warrior closely misses you.
The orc warrior hits you with a +0 broad axe.
* * * LOW HITPOINT WARNING * * *
Casting: Stone Arrow (dangerous; 13% risk of failure)
Confirm with . or Enter, or press ? or * to list all spells.
Aiming: Stone Arrow (dangerous; 13% risk of failure)
Press: ? - help, Shift-Dir - straight line, f - orc warrior
Aim: an orc warrior, wielding a +0 broad axe and wearing a +0 chain mail (almost dead, 68% to hit)
You miscast Stone Arrow.
You are very lightly contaminated with residual magic.
Nothing appears to happen.
The orc warrior hits you with a +0 broad axe!
You die...

#..#
###)...##
##.# #....#
#.# ##...##
##.#
##....##
###..#
#..##..##
#....#
#..###..####
...# ##.##
##..##.
#.#####.##
##...# ###
##o@.....#
#...# #..##
##.†###..##
#...#
.....###..##
#### ##.#.#
#.....##
#..##.
##....#
#..###
#))..#
........##
#.)##.#
.########
#..# #..#
#..# #.##


You could see an orc warrior.

Vanquished Creatures
  Grinder (D:6)
  A hornet (D:6)
  Sigmund (D:4)
  Menkaure (D:4)
  A water moccasin (D:5)
  Pargi (D:4)
  2 ogres (D:5)
  A centaur (D:6)
  A kobold brigand (D:7)
  A bullfrog (D:7)
  5 scorpions
  3 wights (D:7)
  A howler monkey (D:5)
  A jelly (D:7)
  3 orc priests
  A gnoll bouda (D:7)
  3 hounds
  6 iguanas
  3 sleepcaps
  Terence (D:2)
  Crazy Yiuf (D:2)
  Ijyb (D:3)
  Natasha (thrice) (D:2)
  3 orc wizards
  11 gnolls
  6 adders
  A white imp (D:6)
  An ufetubus (D:5)
  A worm (D:2)
  12 orcs
  6 endoplasms
  6 hobgoblins
  8 kobolds
  2 quokkas (D:1)
  9 bats
  3 frilled lizards
  3 goblins
  4 rats
119 creatures vanquished.

Notes
Turn   | Place    | Note
-------+----------+-------------------------------------------
     0 | D:1      | DemonSlayer the Demonspawn Earth Elementalist began the
                  | quest for the Orb.
     0 | D:1      | Reached XP level 1. HP: 13/13 MP: 3/3
   319 | D:1      | Gained mutation: You are partially covered in thin metallic
                  | scales. (AC +2) [demonic ancestry]
   319 | D:1      | Reached XP level 2. HP: 19/19 MP: 3/5
   988 | D:2      | Found Qeloh's Weapon Shop.
   996 | D:2      | Bought 3 curare-tipped darts for 46 gold pieces
  1059 | D:2      | Noticed Terence
  1064 | D:2      | Killed Terence
  1065 | D:2      | Gained mutation: You have sharp fingernails. [demonic
                  | ancestry]
  1065 | D:2      | Reached XP level 3. HP: 24/24 MP: 7/7
  1220 | D:2      | Noticed Natasha
  1224 | D:2      | Killed Natasha
  1225 | D:2      | Gained mutation: You have very sharp fingernails. [demonic
                  | ancestry]
  1225 | D:2      | Reached XP level 4. HP: 30/30 MP: 4/8
  1365 | D:2      | Found a runed translucent door.
  1366 | D:2      | Noticed Crazy Yiuf
  1570 | D:2      | Noticed Natasha
  1578 | D:2      | Killed Natasha
  1579 | D:2      | Reached skill level 3 in Spellcasting
  1890 | D:2      | Killed Crazy Yiuf
  2116 | D:2      | Noticed Natasha
  2121 | D:2      | Killed Natasha
  2122 | D:2      | Gained mutation: A meltable shield of frost defends you.
                  | (SH +4) [demonic ancestry]
  2122 | D:2      | Reached XP level 5. HP: 33/35 MP: 5/10
  2169 | D:2      | Bought 3 curare-tipped darts for 46 gold pieces
  2431 | D:3      | Reached skill level 4 in Spellcasting
  2581 | D:3      | Found a radiant altar of Vehumet.
  2650 | D:3      | Found a faded altar of an unknown god.
  2949 | D:3      | Noticed Ijyb
  2966 | D:3      | Killed Ijyb
  2967 | D:3      | Gained mutation: You have claws for hands. [demonic
                  | ancestry]
  2967 | D:3      | Reached XP level 6. HP: 36/41 MP: 9/12
  3893 | D:4      | Found Cuawn's Weapon Boutique.
  4080 | D:4      | Noticed Pargi
  4088 | D:4      | Killed Pargi
  4089 | D:4      | Reached skill level 5 in Spellcasting
  4089 | D:4      | Gained mutation: You are mostly covered in thin metallic
                  | scales. (AC +3) [demonic ancestry]
  4089 | D:4      | Reached XP level 7. HP: 46/46 MP: 11/14
  4135 | D:4      | Noticed Menkaure
  4142 | D:4      | Killed Menkaure
  4147 | D:4      | Learned a level 3 spell: Stone Arrow
  4152 | D:4      | Learned a level 4 spell: Petrify
  4155 | D:4      | Learned a level 2 spell: Passwall
  4242 | D:4      | Reached skill level 1 in Fighting
  4310 | D:4      | Noticed Sigmund
  4311 | D:4      | Found a hazy altar of Hepliaklqana.
  4312 | D:4      | Found a faded altar of an unknown god.
  4315 | D:4      | Killed Sigmund
  4564 | D:5      | Entered Level 5 of the Dungeon
  4571 | D:5      | Reached skill level 6 in Spellcasting
  4576 | D:5      | Reached skill level 5 in Earth Magic
  4651 | D:5      | Reached XP level 8. HP: 52/54 MP: 6/17
  4804 | D:5      | Reached skill level 1 in Armour
  4977 | D:5      | Reached skill level 1 in Shields
  4990 | D:5      | Reached skill level 7 in Spellcasting
  5144 | D:5      | Found a staircase to the Ecumenical Temple.
  5576 | D:6      | Found Fenuess's Assorted Antiques.
  5626 | D:6      | Bought a glittering silver ring for 145 gold pieces
  5626 | D:6      | Identified the ring of the Priest {Will++ MP+9} (You bought
                  | it in a shop on level 6 of the Dungeon)
  5839 | D:6      | Noticed Grinder
  5847 | D:6      | Killed Grinder
  5847 | D:6      | Noticed a hornet
  5848 | D:6      | Reached skill level 1 in Throwing
  5848 | D:6      | Gained mutation: You are completely covered in thin
                  | metallic scales. (AC +4, rElec) [demonic ancestry]
  5848 | D:6      | Reached XP level 9. HP: 59/59 MP: 19/20
  6575 | D:7      | Reached skill level 8 in Spellcasting
  6626 | D:7      | Slain by an orc warrior

Illustrated notes

Levels and vault maps discovered:
D:1:      dpeg_arrival_court, layout_basic
D:2:      layout_loops_ring, serial_shops, shop, uniq_natasha, uniq_terence,
          uniq_crazy_yiuf_cottage
D:3:      layout_loops_ring, vehumet_altar_wand_db,
          chequers_ecumenical_altar_island, grunt_ministairs_4, uniq_ijyb
D:4:      layout_loops_corners, beargit_hepliaklqana_dungeon_heroes,
          serial_shops, nicolae_shop_statue_plus, uniq_pargi, uniq_menkaure
D:5:      layout_cave_pools, zin_scriptorium, temple_doors_ab,
          kennysheep_cross_room
D:6:      layout_basic, mainiacjoe_overflow_tiny_flanked, serial_shops,
          nicolae_stop_n_shop_2, nicolae_shop_bloodbath_and_beyond, kb_rosetta,
          uniq_grinder
D:7:      layout_layer_cave, lemuel_coloured_pillars_altar,
          minmay_misc_feat_tiny, kennysheep_generic_room_10

Skill      XL: |  1  2  3  4  5  6  7  8  9 |
---------------+----------------------------+-----
Dodging        | 2 3 |  3.3
Stealth        | 2 3 |  3.1
Earth Magic    | 3 4 5 6 7 |  7.0
Spellcasting   | 3 4 5 6 7 8 |  8.1
Fighting       | 1 2 |  2.0
Armour         | 2 |  2.5
Shields        | 1 |  1.6
Throwing       | 1 |  1.1
Short Blades   | |  0.4
Conjurations   | |  0.8
Transmutations | |  0.8
Evocations     | |  0.1

Action                     |  1- 3 |  4- 6 |  7- 9 || total
---------------------------+-------+-------+-------++-------
  Melee: Unarmed           |     5 |     7 |       ||    12
         Short sword       |     3 |     3 |    66 ||    72
  Throw: Dart              |     3 |     6 |     4 ||    13
   Cast: Sandblast         |    34 |    68 |    95 ||   197
         Stone Arrow       |       |       |    40 ||    40
  Evoke: Wand              |       |     1 |     1 ||     2
    Use: Scroll            |     3 |     4 |     6 ||    13
         Potion            |       |       |     1 ||     1
   Stab: Sleeping          |     1 |     1 |     2 ||     4
 Armour: Robe              |     7 |     9 |       ||    16
         Troll leather arm |       |       |    42 ||    42
  Dodge: Dodged            |    15 |    14 |    74 ||   103
  Block: Other             |       |     4 |       ||     4
         Buckler           |       |     1 |    47 ||    48
